 Dungeon Crawl Stone Soup version 0.27-a0-1301-g128193abf8 (webtiles) character file.

Game seed: 7636764517010539013

151 EiAlmux the Sneak (level 5, -5/36 HPs)
             Began as an Octopode Brigand on June 17, 2021.
             Asphyxiated
             ... in a sewer.
             The game lasted 00:05:05 (2875 turns).

EiAlmux the Sneak (Octopode Brigand)                Turns: 2875, Time: 00:05:06

Health: -5/36      AC:  1    Str: 10    XL:     5   Next: 33%
Magic:  5/5        EV: 13    Int: 13    God:
Gold:   64         SH:  0    Dex: 15    Spells: 4/4 levels left

rFire    . . .     SeeInvis .   a - +2 dagger
rCold    . . .     Faith    .   (no shield)
rNeg     . . .     Spirit   .   (helmet restricted)
rPois    .         Reflect  .   (no amulet)
rElec    .         Harm     .   g - +4 ring of slaying
rCorr    .         Rampage  .   (no ring)
Will     .....                  (no ring)
Stlth    ++++......             (no ring)
HPRegen  0.12/turn              (no ring)
MPRegen  0.09/turn              (no ring)
                                (no ring)
                                (no ring)

@: lethally poisoned (-5 -> -18), slowed, very slow
A: almost no armour, amphibious, 8 rings, camouflage 1, gelatinous body 1,
(nimble swimmer 1), tentacles
a: no special abilities


You were in a sewer.
You visited 1 branch of the dungeon, and saw 3 of its levels.
You also visited: Sewer.

You collected 64 gold pieces.

Inventory:

Hand Weapons
 a - a +2 dagger (weapon)
Missiles
 b - 8 poisoned darts
 c - 2 curare-tipped darts
 d - 50 stones (quivered)
Jewellery
 f - a ring of ice
 g - a +4 ring of slaying (left tentacle)
Scrolls
 e - 4 scrolls of identify {unknown}
Potions
 h - a potion of haste {unknown}
 i - a potion of heal wounds {unknown}
 j - a potion of cancellation {unknown}
 k - 2 potions of magic {unknown}


   Skills:
 + Level 3.0 Fighting
 + Level 3.1 Short Blades
 - Level 2.0 Throwing
 + Level 2.6 Dodging
 + Level 6.4 Stealth


You had 4 spell levels left.
You didn't know any spells.
Your spell library contained the following spells:

 Spells                   Type           Power      Damage    Failure   Level
 Magic Dart               Conj           0%         1d3       30%         1
 Blink                    Tloc           N/A        N/A       43%         2
 Call Imp                 Summ           0%         N/A       43%         2
 Slow                     Hex            0%         N/A       43%         2
 Conjure Flame            Conj/Fire      0%         6-21      67%         3
 Mephitic Cloud           Conj/Pois/Air  0%         N/A       67%         3


Dungeon Overview and Level Annotations

Branches:
Dungeon (3/15)              Sewer (1/1)

Altars:


Innate Abilities, Weirdness & Mutations

You cannot wear most types of armour.
You are amphibious.
You can wear up to eight rings at the same time.
Your skin changes colour to match your surroundings (Stealth+).
Your rubbery body absorbs attacks. (AC +1, EV +1)
((You are camouflaged near water. (Stealth+)))
You have tentacles for arms and can constrict up to eight enemies at once.


Message History

The helpless adder fails to defend itself.
You spit the adder like a pig!!!
You kill the adder!
The helpless adder fails to defend itself.
You impale the adder!!
You kill the adder!
The helpless ball python fails to defend itself.
You perforate the ball python like a sieve!!!
You kill the ball python!
A kobold brigand comes into view.
It is wielding a +0 club and quivering poisoned darts.
Found a scroll labelled FAGICE PAWY.
A kobold brigand comes into view.
It is wielding a +0 club and quivering curare-tipped darts.
The kobold brigand shouts! x2
The kobold brigand throws a poisoned dart.
The poisoned dart misses you. The kobold brigand barely misses you.
The kobold brigand closely misses you.
You hit the kobold brigand. You grab the kobold brigand.
The kobold brigand is lightly wounded.
You constrict the kobold brigand.
The kobold brigand hits you with a +0 club. x2
You hit the kobold brigand.
The kobold brigand is lightly wounded.
You constrict the kobold brigand.
The kobold brigand hits you with a +0 club.
The kobold brigand hits you with a +0 club!
You are too injured to fight recklessly!
You release your grip on the kobold brigand.
The kobold brigand throws a curare-tipped dart.
The curare-tipped dart hits you.
You are poisoned.
You have difficulty breathing.
* * * LOW HITPOINT WARNING * * *
You feel yourself slow down.
* * * LOW HITPOINT WARNING * * *
You feel very sick.
The kobold brigand throws a curare-tipped dart.
The curare-tipped dart hits you.
You are lethally poisoned!
You have difficulty breathing.
You die...

##≈ #≈#
##≈## #
##≈..##
####
≈####...≈≈#
≈≈≈≈
.≈≈≈≈≈≈.≈.#
###
≈####...†.#
# ##≈≈.##
##.## #@#
#.# #K# #K#
#..!.#
#.?..#
##...#
#####


You could see 2 kobold brigands.

Vanquished Creatures
  A bullfrog zombie (D:3)
  6 adders
  2 worms
  3 dart slugs
  5 endoplasms
  A giant cockroach (D:2)
  3 goblins
  4 hobgoblins
  3 jackals
  2 quokkas (D:1)
  8 ball pythons
  2 bats (D:2)
  5 frilled lizards
  7 kobolds
  6 rats
58 creatures vanquished.

Vanquished Creatures (others)
  10 plants (D:2)
10 creatures vanquished.

Grand Total: 68 creatures vanquished

Notes
Turn   | Place    | Note
-------+----------+-------------------------------------------
     0 | D:1      | EiAlmux the Octopode Brigand began the quest for the Orb.
     0 | D:1      | Reached XP level 1. HP: 14/14 MP: 1/1
   309 | D:1      | Reached XP level 2. HP: 15/19 MP: 2/2
   682 | D:1      | Reached XP level 3. HP: 25/25 MP: 3/3
   868 | D:1      | Found a faded altar of an unknown god.
  1465 | D:2      | Reached XP level 4. HP: 12/30 MP: 4/4
  1467 | D:2      | Reached skill level 6 in Stealth
  2516 | D:3      | Reached XP level 5. HP: 10/36 MP: 5/5
  2686 | D:3      | Found a glowing drain.
  2699 | Sewer    | Entered a sewer
  2865 | Sewer    | Noticed a kobold brigand
  2866 | Sewer    | Noticed a kobold brigand
  2875 | Sewer    | Asphyxiated

Illustrated notes

Levels and vault maps discovered:
D:1:      lightli_arrival_chessboard, layout_basic,
          shapermc_ecumenical_altar_starsandcircs,
          chequers_serial_rivers_large_a, dk_noncrumbling_2, st_stairs_5
D:2:      layout_loops_corners, grunt_decor_one_mirror, serial_bayou_pond_b
D:3:      layout_loops_corners, gammafunk_temple_overflow_elements,
          cheibrodos_sewer_entry_drain, serial_shops, nicolae_diamond_shop,
          uniq_terence
Sewer:    sewer_co_15_rooms

Skill      XL: |  1  2  3  4  5 |
---------------+----------------+-----
Dodging        | 2 |  2.6
Stealth        | 6 |  6.4
Short Blades   | 3 |  3.1
Fighting       | 3 |  3.0
Throwing       | |  2.0

Action                   |  1- 3 |  4- 6 || total
-------------------------+-------+-------++-------
Melee: Dagger            |    58 |    45 ||   103
       Tentacles         |     9 |     3 ||    12
       Constrict         |    11 |    10 ||    21
Throw: Dart              |       |     1 ||     1
 Stab: Sleeping          |     8 |     6 ||    14
Armor: Skin              |     6 |     2 ||     8
Dodge: Dodged            |    39 |    18 ||    57

Table legend: (Time is in decaauts)
 A = Elapsed time spent in this place.
 B = Non-inter-level travel time spent in this place.
 C = Inter-level travel time spent in this place.
 D = Time resting spent in this place.
 E = Time spent auto-exploring this place.
 F = Levels seen in this place.
 G = Mean time per level.
                   A        B        C        D        E       F      G
               +--------+--------+--------+--------+--------+-----+--------+
         Total |   2860 |   2692 |    168 |    296 |   2008 |   4 |  715.0 |
       Dungeon |   2687 |   2519 |    168 |    296 |   1904 |   3 |  895.7 |
         Sewer |    173 |    173 |      0 |      0 |    104 |   1 |  173.0 |
               +--------+--------+--------+--------+--------+-----+--------+

Top non-repeatable levels by time:
     D:2: 1228 daAuts
     D:1: 1211 daAuts
     D:3: 247 daAuts
   Sewer: 173 daAuts
